 Dungeon Crawl Stone Soup version 0.28-a0-1382-g92835e5c71 (webtiles) character file.

Game seed: 3961568784437246588

19 frimble the Grasshopper (level 2, -3/22 HPs)
             Began as a Demonspawn Warper on Jan 2, 2022.
             Slain by a kobold (20 damage)
             ... on level 1 of the Dungeon.
             The game lasted 00:00:52 (1118 turns).

frimble the Grasshopper (Demonspawn Warper)         Turns: 1118, Time: 00:00:53

Health: -3/22      AC:  3    Str: 11    XL:     2   Next: 55%
Magic:  5/14       EV: 12    Int: 14    God:
Gold:   51         SH:  0    Dex: 12    Spells: 5/5 levels left

rFire   . . .      SeeInvis .   a - +0 short sword
rCold   . . .      Faith    .   (no shield)
rNeg    . . .      Spirit   .   b - +0 leather armour
rPois   .          Reflect  .   (no helmet)
rElec   .          Harm     .   (no cloak)
rCorr   .          Rampage  .   (no gloves)
Will    .....                   (no boots)
Stlth   +.........              (no amulet)
HPRegen 0.07/turn               f - ring of magical power
MPRegen 0.14/turn               (no ring)

@: no status effects
A: weakness stinger 1
a: no special abilities


You were on level 1 of the Dungeon.
You visited 1 branch of the dungeon, and saw 2 of its levels.

You collected 51 gold pieces.

Inventory:

Hand Weapons
 a - a +0 short sword (weapon)
Missiles
 d - 5 boomerangs of dispersal (quivered)
Armour
 b - a +0 leather armour (worn)
Jewellery
 f - a ring of magical power (left hand)
Scrolls
 c - 2 scrolls of blinking
Potions
 e - a potion of flight
 g - 2 potions of brilliance {unknown}


   Skills:
 - Level 2.0 Fighting
 + Level 2.3 Short Blades
 - Level 0.8 Throwing
 - Level 0.8 Armour
 + Level 2.4 Dodging
 - Level 2.0 Spellcasting
 - Level 2.6 Translocations


You had 5 spell levels left.
You didn't know any spells.
Your spell library contained the following spells:

 Spells                   Type           Power      Damage    Failure   Level
 Blink                    Tloc           16%        N/A       16%         2
 Gell's Gravitas          Tloc           8%         N/A       30%         3
 Lesser Beckoning         Tloc           8%         N/A       30%         3
 Teleport Other           Tloc           8%         N/A       30%         3
 Manifold Assault         Tloc           8%         N/A       96%         5


Dungeon Overview and Level Annotations

Branches:
Dungeon (2/15)

Altars:


Innate Abilities, Weirdness & Mutations

You have a small tail.


Message History

Done exploring.
Done exploring.
As you read the scroll labelled DANIAS NEGORE, it crumbles to dust.
It is a scroll of identify.
e - a potion of flight
As you read the scroll labelled BAARAPOOMNOCIU, it crumbles to dust.
You hear a loud clanging noise!
It was a scroll of noise.
As you read the scroll labelled SATYPR DIOMM, it crumbles to dust.
You speak a Word of immense power!
You are blasted by holy energy!
It was a scroll of holy word.
You drop 2 scrolls of noise.
Done exploring.
(D) Dungeon
Where to? (? - help)
There is a shaft here.
There is a stone staircase leading down here.
You climb downwards.
Found a notched copper ring.
There is a stone staircase leading up here.
A kobold is nearby!
A kobold is nearby!
A kobold is nearby!
The kobold shouts!
You hear a shout!
A kobold comes into view.
It is wielding a +1 whip of electrocution.
You see here a ring of magical power.
f - a ring of magical power The kobold throws a stone.
The stone closely misses you.
You feel your magic capacity increase.
f - a ring of magical power (left hand)
You can't go up here!
The kobold hits you with a +1 whip of electrocution.
There is a stone staircase leading up here.
The kobold barely misses you.
You climb upwards.
There is a stone staircase leading down here.
You closely miss the kobold. The kobold hits you but does no damage.
You are electrocuted!!
Ouch! That really hurt!
You die...

#.....# #.###.########
#.# #........#
#.##########.#
#.........##.#
#########.##.#######
###############
#^#.?......#
#≈≈≈≈≈≈≈≈≈≈≈≈≈####
#.##########
#≈≈≈≈≈≈≈≈≈≈≈≈≈#.@# #.#
#≈≈≈≈≈≈≈≈≈≈≈≈≈#.K# #.#
#≈≈≈≈≈≈≈≈≈≈≈≈≈#..# #.#
#≈≈≈≈≈...≈≈≈≈≈#..###.#
#≈≈≈≈..<..≈≈≈≈#......#
#≈≈≈≈≈...≈≈≈≈≈#.######
#≈≈≈≈≈≈≈≈≈≈≈≈≈#.#
#≈≈≈≈≈≈≈≈≈≈≈≈≈#.#
#≈≈≈≈≈≈≈≈≈≈≈≈≈#.#


You could see a kobold.

Vanquished Creatures
  A dart slug (D:1)
  4 endoplasms (D:1)
  2 giant cockroaches (D:1)
  A goblin (D:1)
  A hobgoblin (D:1)
  A kobold (D:1)
  5 ball pythons (D:1)
15 creatures vanquished.

Notes
Turn   | Place    | Note
-------+----------+-------------------------------------------
     0 | D:1      | frimble the Demonspawn Warper began the quest for the Orb.
     0 | D:1      | Reached XP level 1. HP: 16/16 MP: 3/3
   441 | D:1      | Gained mutation: You have a small tail. [demonic ancestry]
   441 | D:1      | Reached XP level 2. HP: 19/22 MP: 5/5
  1118 | D:1      | Slain by a kobold

Illustrated notes

Levels and vault maps discovered:
D:1:      zaba_arrival_water, layout_basic
D:2:      minmay_inner_zag, layout_loops_ring,
          shapermc_ecumenical_altar_notcrosses, grunt_decor_one_mirror, hex_tiny

Skill      XL: |  1 |
---------------+----+-----
Short Blades   | 2 |  2.3
Dodging        | 2 |  2.4
Fighting       | |  2.0
Throwing       | |  0.8
Armour         | |  0.8
Spellcasting   | |  2.0
Translocations | |  2.6

Action                   || total
-------------------------++-------
Melee: Short sword       ||    60
       Tailslap          ||     2
  Use: Scroll            ||     3
Armor: Leather armour    ||    14
Dodge: Dodged            ||    32

Table legend: (Time is in decaauts)
 A = Elapsed time spent in this place.
 B = Non-inter-level travel time spent in this place.
 C = Inter-level travel time spent in this place.
 D = Time resting spent in this place.
 E = Time spent auto-exploring this place.
 F = Levels seen in this place.
 G = Mean time per level.
                   A        B        C        D        E       F      G
               +--------+--------+--------+--------+--------+-----+--------+
         Total |   1124 |   1086 |     38 |      0 |    948 |   2 |  562.0 |
       Dungeon |   1124 |   1086 |     38 |      0 |    948 |   2 |  562.0 |
               +--------+--------+--------+--------+--------+-----+--------+

Top non-repeatable levels by time:
     D:1: 1119 daAuts
     D:2: 5 daAuts
